 Dungeon Crawl Stone Soup version 0.31-a0-155-gb63f529262 (webtiles) character file.

Game seed: 2992762080455856536

4771 Gargoyl the Cleaver (level 10, -2/64 HPs)
             Began as a Gargoyle Berserker on June 12, 2023.
             Was an Elder of Trog.
             Slain by a wyvern (13 damage)
             ... on level 7 of the Dungeon.
             The game lasted 00:10:43 (6793 turns).

Gargoyl the Cleaver (Gargoyle Berserker)            Turns: 6793, Time: 00:10:44

Health: -2/64      AC: 17    Str: 21    XL:     10   Next: 47%
Magic:  10/10      EV: 13    Int:  8    God:    Trog [****..]
Gold:   422        SH: 10    Dex: 13    Spells: 9/9 levels left

rFire   . . .        r - +5 hand axe
rCold   + . .        z - +2 kite shield
rNeg    + . .        s - +0 steam dragon scales
rPois   ∞            (no helmet)
rElec   +            (no cloak)
rCorr   +            e - +2 pair of gloves
SInv    .            (no boots)
Will    ++...        t - amulet of the acrobat
Stlth   ++           h - ring of protection from cold
HPRegen 1.30/turn    q - ring of resist corrosion
MPRegen 0.12/turn

%: acrobat
@: strong-willed, on berserk cooldown, regenerating, studying Dodging
A: sickness immunity, AC +7, negative energy resistance 1, electricity
resistance, torment resistance 1, petrification resistance
a: Renounce Religion, Berserk, Trog's Hand, Brothers in Arms


You were on level 7 of the Dungeon.
You worshipped Trog.
Trog was greatly pleased with you.
You visited 1 branch of the dungeon, and saw 8 of its levels.
You also visited: Ossuary.

You collected 422 gold pieces.

Inventory:

Hand Weapons
 i - a +0 war axe
 l - a +4 spear
 r - a +5 hand axe (weapon)
Missiles
 y - 7 poisoned darts (quivered)
Armour
 e - a +2 pair of gloves (worn)
 s - +0 steam dragon scales (worn)
 z - a +2 kite shield (worn)
Jewellery
 h - a ring of protection from cold (left hand)
 q - a ring of resist corrosion (right hand)
 t - an amulet of the acrobat (around neck)
Wands
 x - a wand of mindburst (11)
Scrolls
 b - 3 scrolls of identify
 f - a scroll of silence
 j - 2 scrolls of blinking
 n - a scroll of teleportation
Potions
 a - 3 potions of brilliance {unknown}
 c - a potion of enlightenment
 d - 3 potions of haste
 g - 2 potions of attraction
 k - 2 potions of magic {unknown}
 m - 2 potions of curing {unknown}
 p - a potion of mutation {unknown}
 u - a potion of ambrosia {unknown}
 v - a potion of might {unknown}
 w - a potion of invisibility {unknown}


   Skills:
 + Level 8.1 Fighting
 + Level 9.9 Axes
 + Level 6.7 Armour
 + Level 5.9 Dodging
 + Level 2.6 Stealth
 + Level 2.7 Shields
 + Level 1.0 Unarmed Combat


You had 9 spell levels left.
You didn't know any spells.
Your spell library was empty.

Dungeon Overview and Level Annotations

Branches:
Dungeon (8/15)             Temple (0/1) D:7         Ossuary (visited)
   Lair: D:8-11

Altars:
Cheibriados
Dithmenos
Elyvilon
Qazlal
Yredelemnul

Shops:
D:1 (


Innate Abilities, Weirdness & Mutations

You are immune to sickness and miasma.
Your stone body is resilient. (AC +7)
You are immune to poison.
You resist negative energy. (rN+)
You are resistant to electric shocks. (rElec)
You are resistant to unholy torment.
You are immune to petrification.


Message History

The yak gores you but does no damage. You block the wyvern's attack.
The yak gores you.
Unknown command.
You slash the yak!
The yak is severely wounded.
You hit the wyvern. The wyvern closely misses you.
The yak gores you but does no damage.
The wyvern bites you but does no damage.
You barely miss the yak.
The yak is severely wounded.
You hit the wyvern but do no damage.
You feel yourself speed up. You block the wyvern's attack.
You block the yak's attack. The wyvern closely misses you.
The yak gores you but does no damage.
You're still recovering from your berserk rage.
Your skin crawls.
You feel strong-willed. You block the wyvern's attack.
The wyvern bites you but does no damage.
The yak gores you!
You hit the yak.
The yak is severely wounded.
You hit the wyvern. The wyvern barely misses you. The yak misses you.
You barely miss the yak.
The yak is severely wounded.
You hit the wyvern. The wyvern barely misses you.
The wyvern closely misses you. The yak misses you.
You slash the yak!
The yak is almost dead.
You hit the wyvern.
The wyvern bites you but does no damage.
The yak gores you!
* * * LOW HITPOINT WARNING * * *
You slash the yak!
You kill the yak!
Trog accepts your kill.
You hit the wyvern. The wyvern bites you!
* * * LOW HITPOINT WARNING * * *
The wyvern bites you!
You die...

######## #####......##
#.....:.....#
#.8.....8.#.#
#.........#.# ##
#.[..@....#.# #.
#.....l...#.# #.
#.........#.## #.
#............# #.
#.8.....8..#.# #.
#....(....##.# #.
#.###..#...#.########.
#.# #.................
#.# ##.#...#<.........


You could see a wyvern.

Vanquished Creatures
  Maggie (D:6)
  Grinder (D:3)
  Prince Ribbit (D:4)
  A yak (D:7)
  Eustachio (D:6)
  Menkaure (D:6)
  Edmund (D:5)
  2 water moccasins
  2 sky beasts
  An ice beast (D:7)
  A black bear (D:8)
  3 centaurs
  2 phantoms
  A gnoll sergeant (D:8)
  2 elf zombies (Ossuary)
  3 bullfrogs
  3 scorpions
  13 wights
  10 howler monkeys
  An electric eel (D:7)
  2 centaur zombies (Ossuary)
  A human zombie (Ossuary)
  3 orc priests
  2 gnoll boudas
  2 jellies
  4 sleepcaps
  Terence (D:3)
  10 iguanas
  An orc wizard (D:4)
  2 mummies (Ossuary)
  14 gnolls
  10 adders
  A shadow imp (D:7)
  A white imp (D:8)
  An ufetubus (D:5)
  5 dart slugs
  12 orcs
  3 endoplasms
  2 giant cockroaches
  9 goblins
  6 hobgoblins
  A quokka (D:4)
  7 ball pythons
  7 bats
  5 frilled lizards
  3 goblin zombies (Ossuary)
  14 hobgoblin zombies (Ossuary)
  7 kobolds
  7 kobold zombies (Ossuary)
  6 orc zombies (Ossuary)
  7 rats
  2 rat zombies (Ossuary)
209 creatures vanquished.

Vanquished Creatures (others)
  A steam dragon (D:7)
  A gnoll bouda (D:7)
2 creatures vanquished.

Grand Total: 211 creatures vanquished

Notes
Turn   | Place    | Note
-------+----------+-------------------------------------------
     0 | D:1      | Gargoyl the Gargoyle Berserker began the quest for the Orb.
     0 | D:1      | Reached XP level 1. HP: 14/14 MP: 1/1
   181 | D:1      | Reached XP level 2. HP: 3/19 MP: 2/2
   275 | D:1      | Reached skill level 3 in Axes
   485 | D:1      | Found Moucavvu's Weapon Shoppe.
   745 | D:1      | Found a faded altar of an unknown god.
   920 | D:2      | Reached XP level 3. HP: 23/24 MP: 3/3
   970 | D:2      | Reached ** piety under Trog
  1076 | D:2      | You fall into a shaft and drop 1 floor!
  1349 | D:2      | Reached XP level 4. HP: 29/29 MP: 4/4
  1531 | D:3      | Noticed Grinder
  1782 | D:3      | Reached skill level 4 in Axes
  1782 | D:3      | Reached XP level 5. HP: 33/33 MP: 5/5
  1873 | D:3      | Noticed Terence
  1890 | D:3      | Killed Terence
  2236 | D:3      | Found a white marble altar of Elyvilon.
  2237 | D:3      | Found a shadowy altar of Dithmenos.
  2316 | D:3      | Paralysed by Grinder for 4 turns
  2321 | D:3      | Killed Grinder
  2322 | D:3      | Reached skill level 5 in Axes
  2322 | D:3      | Reached XP level 6. HP: 26/39 MP: 6/6
  2493 | D:4      | Reached XP level 7. HP: 44/44 MP: 7/7
  2795 | D:4      | Reached skill level 5 in Fighting
  3052 | D:4      | Reached skill level 6 in Axes
  3237 | D:4      | Reached XP level 8. HP: 50/50 MP: 8/8
  3520 | D:5      | Entered Level 5 of the Dungeon
  3523 | D:5      | Noticed Prince Ribbit
  3843 | D:4      | Killed Prince Ribbit
  3844 | D:4      | Reached skill level 5 in Armour
  3949 | D:5      | Noticed Edmund
  3974 | D:5      | Killed Edmund
  3975 | D:5      | Reached skill level 7 in Axes
  4283 | D:5      | Found a basalt altar of Yredelemnul.
  4296 | D:5      | Reached XP level 9. HP: 53/55 MP: 9/9
  4545 | D:6      | Found a snail-covered altar of Cheibriados.
  4648 | D:6      | Noticed Maggie
  4660 | D:6      | Killed Maggie
  4723 | D:6      | Reached skill level 8 in Axes
  4828 | D:6      | Reached skill level 1 in Stealth
  4927 | D:6      | Reached skill level 1 in Unarmed Combat
  5157 | D:6      | Noticed Eustachio
  5173 | D:6      | Killed Eustachio
  5187 | D:6      | Noticed Menkaure
  5191 | D:6      | Killed Menkaure
  5192 | D:6      | Reached skill level 5 in Dodging
  5192 | D:6      | Reached skill level 1 in Shields
  5199 | D:6      | Found a sand-covered staircase.
  5204 | Ossuary  | Entered an ossuary
  5275 | Ossuary  | Reached *** piety under Trog
  5482 | Ossuary  | Reached skill level 9 in Axes
  5508 | Ossuary  | Reached XP level 10. HP: 62/63 MP: 10/10
  5960 | D:7      | Found a staircase to the Ecumenical Temple.
  6453 | D:7      | Reached **** piety under Trog
  6610 | D:7      | Found a stormy altar of Qazlal.
  6793 | D:7      | Slain by a wyvern

Illustrated notes

Levels and vault maps discovered:
D:1:      minmay_arrival_loop, layout_loops_cross, serial_shops,
          nicolae_shop_bloodbath_and_beyond, dilly_ecumenical_altar_fadedgnrine,
          st_stairs_8
D:2:      layout_loops_cross
D:3:      layout_basic, mainiacjoe_overflow_divided_tiny, grunt_decor_arrowhead,
          uniq_terence, uniq_grinder
D:4:      layout_loops_ring, corexii_leaking_fountain, minmay_door_square,
          minmay_manual_mail
D:5:      layout_rooms, mainiacjoe_overflow_surrounded_room, uniq_edmund,
          uniq_prince_ribbit1
D:6:      layout_loops_ring, amcnicky_altar_gilded, nicolae_ossuary_entry_plus,
          grunt_tough_drop, uniq_menkaure, uniq_maggie, uniq_eustachio
D:7:      layout_loops_ring, nicolae_qazlal_eye_of_the_storm,
          minmay_temple_entry_slanted, minmay_holes, serial_bayou_ford_a,
          st_stairs_1, nicolae_zen_rock_garden
D:8:      layout_rooms, nicolae_hepliaklqana_hippocampus,
          minmay_lair_entry_grove

Skill      XL: |  1  2  3  4  5  6  7  8  9 10 |
---------------+-------------------------------+-----
Axes           | 3 4 5 6 7 9 |  9.9
Fighting       | 4 5 6 7 8 |  8.1
Dodging        | 2 3 5 |  5.9
Armour         | 3 4 6 |  6.7
Stealth        | 1 2 |  2.6
Unarmed Combat | 1 |  1.0
Shields        | 1 2 |  2.7

Action                     |  1- 3 |  4- 6 |  7- 9 | 10-12 || total
---------------------------+-------+-------+-------+-------++-------
  Melee: Hand axe          |   116 |    56 |   191 |   116 ||   479
         Punch             |     1 |       |     1 |       ||     2
         War axe           |       |    42 |   188 |       ||   230
         Unarmed           |       |       |    27 |       ||    27
 Invoke: Berserk           |       |     5 |    10 |     2 ||    17
         Trog's Hand       |       |     3 |     5 |     2 ||    10
    Use: Scroll            |     1 |     3 |     4 |     3 ||    11
         Potion            |       |     1 |       |       ||     1
   Stab: Sleeping          |       |       |     2 |     1 ||     3
 Armour: Animal skin       |    23 |       |       |       ||    23
         Scale mail        |    42 |    73 |    55 |       ||   170
         Chain mail        |       |       |    46 |       ||    46
         Steam dragon scal |       |       |    91 |    65 ||   156
         Plate armour      |       |       |    31 |       ||    31
  Dodge: Dodged            |    72 |    57 |   234 |   104 ||   467
  Block: Buckler           |       |       |    37 |     9 ||    46
         Kite shield       |       |       |       |    45 ||    45

Table legend: (Time is in decaauts)
 A = Elapsed time spent in this place.
 B = Non-inter-level travel time spent in this place.
 C = Inter-level travel time spent in this place.
 D = Time resting spent in this place.
 E = Time spent auto-exploring this place.
 F = Levels seen in this place.
 G = Mean time per level.
                   A        B        C        D        E       F      G
               +--------+--------+--------+--------+--------+-----+--------+
         Total |   6980 |   6797 |    183 |    464 |   4416 |   9 |  775.6 |
       Dungeon |   6592 |   6409 |    183 |    419 |   4285 |   8 |  824.0 |
       Ossuary |    388 |    388 |      0 |     45 |    131 |   1 |  388.0 |
               +--------+--------+--------+--------+--------+-----+--------+

Top non-repeatable levels by time:
     D:4: 1607 daAuts
     D:6: 923 daAuts
     D:7: 920 daAuts
     D:3: 907 daAuts
     D:1: 880 daAuts
     D:5: 685 daAuts
     D:2: 592 daAuts
 Ossuary: 388 daAuts
     D:8: 75 daAuts
